 Dungeon Sprint DCSS version 0.19.5 (webtiles) character file.

1696 dwjmeijer the Bewitcher (level 8, -8/36 HPs)
             Began as a Spriggan Enchanter on Apr 25, 2017.
             Was a Follower of Nemelex Xobeh.
             Killed by an exploding ballistomycete spore (31 damage)
             ... in the Dungeon (Sprint I: "Red Sonja").
             The game lasted 00:03:17 (748 turns).

dwjmeijer the Bewitcher (Spriggan Enchanter)         Turns: 748, Time: 00:03:19

Health: -8/36      AC:  3    Str:  4    XL:     8   Next: 72%
Magic:  19/19      EV: 18    Int: 18    God:    Nemelex Xobeh [*.....]
Gold:   585        SH:  0    Dex: 17    Spells: 4 memorised, 11 levels left

rFire  . . .     SeeInvis +     n - +1 dagger (venom)
rCold  . . .     Gourm    .     b - +1 robe
rNeg   . . .     Faith    .     (shield restricted)
rPois  .         Spirit   .     (helmet restricted)
rElec  .         Reflect  .     (no cloak)
rCorr  .         Harm     .     (gloves unavailable)
MR     +....     NoTele   +     (boots unavailable)
Stlth  ++........               (no amulet)
                                (no ring)
                                (no ring)

@: confused, very quick
A: unfitting armour, see invisible, herbivore 3, speed 3, slow metabolism 2
a: Renounce Religion


You were in the Dungeon.
You worshipped Nemelex Xobeh.
Nemelex Xobeh was aware of your devotion.
You were not hungry.

You visited 1 branch You collected 640 gold pieces.
You spent 55 gold pieces at shops.

Inventory:

Hand Weapons
 n - a +1 dagger of venom (weapon)
Armour
 b - a +1 robe (worn)
Scrolls
 j - a scroll of blinking
 k - a scroll of identify {unknown}
Potions
 e - a potion of curing
 f - a potion of heal wounds
 g - a potion of haste
 h - 2 potions of magic
 i - a potion of flight {unknown}
 l - a potion of berserk rage
Books
 c - a book of Maledictions

   Spells                             Type                      Level
   a - Corona                         Hexes                        1
   b - Ensorcelled Hibernation        Hexes/Ice                    2
   c - Confuse                        Hexes                        3
   d - Tukima's Dance                 Hexes                        3
   e - Dazzling Spray                 Conjuration/Hexes            3
Miscellaneous
 m - an ornate deck of escape
Comestibles
 d - a bread ration


   Skills:
 - Level 1.1 Short Blades
 - Level 3.0 Dodging
 + Level 16.0 Stealth
 - Level 6.8 Spellcasting
 * Level 16.1 Hexes
 + Level 6.6 Invocations


You had 11 spell levels left.
You knew the following spells:

 Your Spells              Type           Power        Failure   Level  Hunger
a - Corona                Hex            ######.      0%          1    None
b - Ensorcelled Hibernat  Hex/Ice        #####.       1%          2    None
c - Confuse               Hex            ######..     1%          3    ##.....
d - Dazzling Spray        Conj/Hex       #####.       1%          3    ##.....


Dungeon Overview and Level Annotations

Branches:
Dungeon (1/1)

Altars:
Cheibriados
Dithmenos
Elyvilon
Fedhas
Gozag
Hepliaklqana
Kikubaaqudgha
Makhleb
Nemelex Xobeh
Okawaru
Qazlal
Ru
Sif Muna
Trog
Uskayaw
Vehumet
Xom
Yredelemnul
Zin
The Shining One
Jiyva
Lugonu

Shops:
D (![


Innate Abilities, Weirdness & Mutations

You are very small and have problems with some larger weapons.
You are too small for most types of armour.
You have supernaturally acute eyesight. (SInv)
You are a herbivore.
You cover ground extremely quickly.
You need consume almost no food.


Message History

Aim: a ballistomycete spore (resting)
You toss away a +1 dagger.
The +1 dagger hits the ballistomycete spore but does no damage.
The ballistomycete spore waves its rhizomes.
There is an open door here.
The ballistomycete spore explodes!
The explosion of spores engulfs you!
You are confused.
A fungus suddenly grows.
The ballistomycete spore waves its rhizomes.
You're too confused!
You bump into the rock wall.
You feel less confused.
A ballistomycete grows in the wake of the ballistomycete spore.
The ballistomycete spore explodes!
The explosion of spores engulfs you!
You are confused.
Ouch! That really hurt!
You die...
Your body disappears without a glow.

######################
#<.#..'..#.)'..#__#..+
#..').#.)'..#..'..'..#
#..#####'#####'#__####
#..####..#...#.####
#..#__####..##.#
#..#_____##'#..+
#⌠⌠#_.∩...'..._#
####_..__##_@#'#
#_____###'#(# ###
############P####+###.##
#∩^.......'...'.....')∩#
###++++####.P.##########
##.## #'# !$)


$(?$$ You could see an active ballistomycete.

Vanquished Creatures
  Sonja (D)
  A deep troll (D)
  A slime creature (D)
  Sigmund (D)
  A yak (D)
  An ogre (D)
  A jelly (D)
  Ijyb (D)
8 creatures vanquished.

Vanquished Creatures (others)
  A ballistomycete spore (D)
1 creature vanquished.

Grand Total: 9 creatures vanquished

Notes
Turn   | Place    | Note
-------+----------+-------------------------------------------
     0 | D        | dwjmeijer the Spriggan Enchanter began the quest for the Orb.
     0 | D        | Reached XP level 1. HP: 9/9 MP: 5/5
     2 | D        | Noticed Ijyb
    17 | D        | Killed Ijyb
    17 | D        | Reached skill level 5 in Hexes
    17 | D        | Reached XP level 2. HP: 9/13 MP: 4/8
   170 | D        | Learned a level 2 spell: Ensorcelled Hibernation
   172 | D        | Noticed an ogre
   176 | D        | Killed an ogre
   176 | D        | Reached XP level 3. HP: 16/16 MP: 7/12
   176 | D        | Reached XP level 4. HP: 21/21 MP: 7/13
   228 | D        | Learned a level 3 spell: Confuse
   232 | D        | Learned a level 3 spell: Dazzling Spray
   233 | D        | Noticed Sigmund
   235 | D        | Killed Sigmund
   235 | D        | Reached skill level 10 in Hexes
   235 | D        | Reached XP level 5. HP: 24/24 MP: 15/15
   248 | D        | Found a deep blue altar of Sif Muna.
   250 | D        | Found a radiant altar of Vehumet.
   254 | D        | Reached XP level 6. HP: 28/28 MP: 16/16
   265 | D        | Found Cealuuho's Distillery.
   265 | D        | Found an ancient bone altar of Kikubaaqudgha.
   265 | D        | Found a hazy altar of Hepliaklqana.
   265 | D        | Found a stormy altar of Qazlal.
   265 | D        | Found a hide-covered altar of Uskayaw.
   265 | D        | Found a blossoming altar of Fedhas.
   265 | D        | Found a bloodstained altar of Trog.
   265 | D        | Found an iron altar of Okawaru.
   265 | D        | Found a basalt altar of Yredelemnul.
   265 | D        | Found a glowing golden altar of the Shining One.
   265 | D        | Found a snail-covered altar of Cheibriados.
   265 | D        | Found a sacrificial altar of Ru.
   265 | D        | Found a glowing silver altar of Zin.
   265 | D        | Found a shadowy altar of Dithmenos.
   265 | D        | Found a white marble altar of Elyvilon.
   265 | D        | Noticed a yak
   266 | D        | Found an opulent altar of Gozag.
   267 | D        | Killed a yak
   268 | D        | Found a sparkling altar of Nemelex Xobeh.
   271 | D        | Became a worshipper of Nemelex Xobeh the Trickster
   274 | D        | Bought a potion of berserk rage for 55 gold pieces
   301 | D        | Found a burning altar of Makhleb.
   301 | D        | Found a viscous altar of Jiyva.
   301 | D        | Found a shimmering altar of Xom.
   301 | D        | Found a corrupted altar of Lugonu.
   301 | D        | Received a gift from Nemelex Xobeh
   301 | D        | Noticed a slime creature
   314 | D        | Killed a slime creature
   314 | D        | Reached XP level 7. HP: 16/32 MP: 13/18
   489 | D        | Noticed Sonja
   493 | D        | Killed Sonja
   493 | D        | Reached skill level 15 in Stealth
   493 | D        | Reached skill level 15 in Hexes
   493 | D        | Reached skill level 5 in Invocations
   493 | D        | Reached XP level 8. HP: 36/36 MP: 19/19
   511 | D        | Found Xap Moim's Weapon Boutique.
   704 | D        | Noticed a deep troll
   709 | D        | Killed a deep troll
   719 | D        | Found Luho Yfacepn's Armour Emporium.
   736 | D        | Reached * piety under Nemelex Xobeh
   748 | D        | Killed by an exploding ballistomycete spore

Skill      XL: |  1  2  3  4  5  6  7  8 |
---------------+-------------------------+-----
Stealth        | 6 9 11 12 13 15 16 | 16.0
Spellcasting   | 4 6 |  6.8
Hexes          | 5 7 10 11 13 15 16 | 16.1
Invocations    | 2 5 6 |  6.6
Short Blades   | |  1.1
Dodging        | |  3.0

Action                   |  1- 3 |  4- 6 |  7- 9 || total
-------------------------+-------+-------+-------++-------
Melee: Dagger            |    15 |    11 |     2 ||    28
 Cast: Ensorcelled Hiber |     1 |     2 |     1 ||     4
  Use: Potion            |     1 |       |       ||     1
 Stab: Sleeping          |     2 |     5 |     2 ||     9
Armor: Robe              |     3 |       |       ||     3
Dodge: Dodged            |     4 |     5 |       ||     9
